3AAA
FLORIDA MEN @ SANTA BARBARA GOLDEN CRANES
08/01/2027
 
TOP OF THE 1ST
Florida Men batting - Pitching for Santa Barbara Golden Cranes : RHP Rocky Lannan
Pitching: RHP Rocky Lannan
Batting: RHB Pat Ings 0-0: Ball
1-0: Called Strike
1-1: SINGLE (Groundball, 4D)
Batting: RHB Israel Sanders 0-0: Ball
1-0: Called Strike
1-1: Ball
2-1: Fly out, F8 (Flyball, 8RM)
Batting: RHB Al Thomas Balk!
Pat Ings to second
0-0: Ball
1-0: Ball
2-0: Called Strike
2-1: Ball
3-1: Called Strike
3-2: Base on Balls
Batting: LHB Bastyão Lizardo 0-0: SINGLE (Groundball, 3D)
Pat Ings to third
Al Thomas to second
Runner from 3rd tries for Home, SAFE, throw made at trailing runner, SAFE at third!
Batting: RHB Lorenzo Díaz 0-0: Ball
1-0: Reaches on Catchers interference
Bastyão Lizardo to second
Batting: SHB Luis Gutiérrez 0-0: Ball
1-0: Foul Ball, location: 2F
1-1: Called Strike
1-2: Ball
2-2: Grounds into double play, 3-6-1 (Groundball, 34)
Top of the 1st over - 1 run(s), 2 hit(s), 1 error(s), 2 left on base; Florida 1 - Santa Barbara 0
BOTTOM OF THE 1ST
Santa Barbara Golden Cranes batting - Pitching for Florida Men : LHP Gordon Wiggins
Pitching: LHP Gordon Wiggins
Batting: RHB Luis Trevino 0-0: Ball
1-0: Ball
2-0: Ground out 4-3 (Groundball, 4)
Batting: RHB Ángel López 0-0: Ball
1-0: Ball
2-0: Ground out 5-3 (Groundball, 5)
Batting: RHB Terry Sylvester 0-0: Ball
1-0: Called Strike
1-1: Fly out, F8 (Flyball, 8RM)
Bottom of the 1st over - 0 run(s), 0 hit(s), 0 error(s), 0 left on base; Florida 1 - Santa Barbara 0
TOP OF THE 2ND
Florida Men batting - Pitching for Santa Barbara Golden Cranes : RHP Rocky Lannan
Batting: RHB Phil Baker 0-0: Ground out 5-3 (Groundball, 5)
Batting: RHB Mesa Altuve 0-0: Ground out 1-3 (Groundball, 13)
Batting: LHB Jim Unknown 0-0: Ball
1-0: Ball
2-0: Called Strike
2-1: Called Strike
2-2: Foul Ball, location: 2F
2-2: Ball
3-2: Foul Ball, location: 2F
3-2: Ground out 4-3 (Groundball, 4)
Top of the 2nd over - 0 run(s), 0 hit(s), 0 error(s), 0 left on base; Florida 1 - Santa Barbara 0
BOTTOM OF THE 2ND
Santa Barbara Golden Cranes batting - Pitching for Florida Men : LHP Gordon Wiggins
Batting: RHB Gilbert Graham 0-0: Ball
1-0: Called Strike
1-1: Ball
2-1: Fly out, F9 (Flyball, 9)
Batting: RHB Edmund Gallagher 0-0: Called Strike
0-1: Ball
1-1: Foul Ball, location: 2F
1-2: TRIPLE (Line Drive, 78M)
Batting: RHB Héctor Moreno 0-0: Foul Ball, location: 2F
0-1: Ball
1-1: Swinging Strike
1-2: DOUBLE (Flyball, 78D)
Edmund Gallagher scores
Batting: RHB Lúcio Sánchez 0-0: Foul Ball, location: 2F
0-1: Called Strike
0-2: Strikes out swinging
Batting: RHB Ed St. James 0-0: Ball
1-0: Ground out 5-3 (Groundball, 56)
Bottom of the 2nd over - 1 run(s), 2 hit(s), 0 error(s), 1 left on base; Florida 1 - Santa Barbara 1
TOP OF THE 3RD
Florida Men batting - Pitching for Santa Barbara Golden Cranes : RHP Rocky Lannan
Batting: RHB Pat Ings 0-0: Called Strike
0-1: Fly out, F3 (Popup, 34)
Batting: RHB Israel Sanders 0-0: Ground out 6-3 (Groundball, 6)
Batting: RHB Al Thomas 0-0: Called Strike
0-1: Swinging Strike
0-2: Strikes out swinging
Top of the 3rd over - 0 run(s), 0 hit(s), 0 error(s), 0 left on base; Florida 1 - Santa Barbara 1
BOTTOM OF THE 3RD
Santa Barbara Golden Cranes batting - Pitching for Florida Men : LHP Gordon Wiggins
Batting: RHB Daniel Maldonado 0-0: Ball
1-0: Foul Ball, location: 2F
1-1: Ball
2-1: Ground out 6-3 (Groundball, 6S)
Batting: RHB Luis Trevino 0-0: Ball
1-0: Ball
2-0: Foul Ball, location: 2F
2-1: Called Strike
2-2: Ball
3-2: Strikes out looking
Batting: RHB Ángel López 0-0: Foul Ball, location: 2F
0-1: Ball
1-1: Called Strike
1-2: Ball
2-2: Ball
3-2: Fly out, F7 (Line Drive, 78M)
Bottom of the 3rd over - 0 run(s), 0 hit(s), 0 error(s), 0 left on base; Florida 1 - Santa Barbara 1
TOP OF THE 4TH
Florida Men batting - Pitching for Santa Barbara Golden Cranes : RHP Rocky Lannan
Batting: LHB Bastyão Lizardo 0-0: Called Strike
0-1: Foul Ball, location: 2F
0-2: Foul Ball, location: 2F
0-2: Ball
1-2: SINGLE (Groundball, 4MD)
Batting: RHB Lorenzo Díaz 0-0: Ball
1-0: Ball
2-0: Called Strike
2-1: Ball
3-1: Called Strike
3-2: Foul Ball, location: 2F
3-2: Base on Balls
Bastyão Lizardo to second
Batting: SHB Luis Gutiérrez 0-0: Called Strike
0-1: Hit by Pitch
Bastyão Lizardo to third
Lorenzo Díaz to second
Batting: RHB Phil Baker 0-0: DOUBLE (Line Drive, 78XD)
Bastyão Lizardo scores
Lorenzo Díaz scores
Luis Gutiérrez to third
Runner from 3rd tries for Home, SAFE, no throw
Batting: RHB Mesa Altuve 0-0: Called Strike
0-1: Ball
1-1: Called Strike
1-2: Ground out 5-3 (Groundball, 56S)
Phil Baker to third
Batting: LHB Jim Unknown 0-0: Ball
Passed Ball!
Phil Baker scores
1-0: Foul Ball, location: 2F
1-1: Ball
2-1: Ball
3-1: Called Strike
3-2: Foul Ball, location: 2F
3-2: Foul Ball, location: 2F
3-2: Base on Balls
Batting: RHB Pat Ings 0-0: Called Strike
0-1: Foul Ball, location: 2F
0-2: Ball
1-2: Ball
2-2: Grounds into double play, 6-4-3 (Groundball, 6)
Top of the 4th over - 4 run(s), 2 hit(s), 0 error(s), 0 left on base; Florida 5 - Santa Barbara 1
BOTTOM OF THE 4TH
Santa Barbara Golden Cranes batting - Pitching for Florida Men : LHP Gordon Wiggins
Batting: RHB Terry Sylvester 0-0: Ball
1-0: Ball
2-0: Ball
3-0: Base on Balls
Batting: RHB Gilbert Graham 0-0: Ball
Wild Pitch!
Terry Sylvester to second
1-0: Ball
2-0: Ball
3-0: Called Strike
3-1: Foul Ball, location: 2F
3-2: Fly out, F1 (Popup, 13)
Batting: RHB Edmund Gallagher 0-0: SINGLE (Groundball, 6D)
Terry Sylvester to third
Runner from 3rd tries for Home, throw and OUT!
Edmund Gallagher to second
Batting: RHB Héctor Moreno 0-0: SINGLE (Flyball, 8RS)
Edmund Gallagher to third
Runner from 3rd tries for Home, SAFE, no throw
Batting: RHB Lúcio Sánchez 0-0: Swinging Strike
0-1: Foul Ball, location: 2F
0-2: Ball
1-2: Strikes out looking
Bottom of the 4th over - 1 run(s), 2 hit(s), 0 error(s), 1 left on base; Florida 5 - Santa Barbara 2
TOP OF THE 5TH
Florida Men batting - Pitching for Santa Barbara Golden Cranes : RHP Rocky Lannan
Batting: RHB Israel Sanders 0-0: Ball
1-0: Ball
2-0: Called Strike
2-1: Ball
3-1: Called Strike
3-2: Fly out, F7 (Line Drive, 78S)
Batting: RHB Al Thomas 0-0: Ground out 1-3 (Groundball, 13)
Batting: LHB Bastyão Lizardo 0-0: Ground out 5-3 (Groundball, 56)
Top of the 5th over - 0 run(s), 0 hit(s), 0 error(s), 0 left on base; Florida 5 - Santa Barbara 2
BOTTOM OF THE 5TH
Santa Barbara Golden Cranes batting - Pitching for Florida Men : LHP Gordon Wiggins
Batting: RHB Ed St. James 0-0: Ground out 6-3 (Groundball, 6M)
Batting: RHB Daniel Maldonado 0-0: Ball
1-0: Ball
2-0: Ball
3-0: Base on Balls
Batting: RHB Luis Trevino 0-0: Ball
1-0: Swinging Strike
1-1: Foul Ball, location: 2F
1-2: Foul Ball, location: 2F
1-2: Ball
2-2: Fly out, F8 (Flyball, 8RM)
Batting: RHB Ángel López 0-0: Called Strike
0-1: Ball
Daniel Maldonado is caught stealing 2nd base
Bottom of the 5th over - 0 run(s), 0 hit(s), 0 error(s), 0 left on base; Florida 5 - Santa Barbara 2
TOP OF THE 6TH
Florida Men batting - Pitching for Santa Barbara Golden Cranes : RHP Rocky Lannan
Batting: RHB Lorenzo Díaz 0-0: Called Strike
0-1: Ball
1-1: Ball
2-1: Ball
3-1: Base on Balls
Batting: SHB Luis Gutiérrez 0-0: Sac Bunt - play at second, runner OUT! 1-6
Batting: RHB Phil Baker 0-0: Ball
1-0: Called Strike
1-1: Ball
2-1: SINGLE (Groundball, 56D)
Luis Gutiérrez to second
Batting: RHB Mesa Altuve 0-0: Ball
1-0: Called Strike
1-1: Ball
Wild Pitch!
Luis Gutiérrez to third
Phil Baker to second
2-1: Swinging Strike
2-2: Strikes out swinging
Pitching: LHP Marvin Mangin
Batting: LHB Jim Unknown 0-0: Ground out 4-3 (Groundball, 4M)
Top of the 6th over - 0 run(s), 1 hit(s), 0 error(s), 2 left on base; Florida 5 - Santa Barbara 2
BOTTOM OF THE 6TH
Santa Barbara Golden Cranes batting - Pitching for Florida Men : LHP Gordon Wiggins
Batting: RHB Ángel López 0-0: Swinging Strike
0-1: SINGLE (Groundball, 3D)
Batting: RHB Terry Sylvester 0-0: Called Strike
0-1: Ball
1-1: Foul Ball, location: 2F
1-2: Ball
2-2: Foul Ball, location: 2F
2-2: Foul Ball, location: 2F
2-2: Ball
3-2: Base on Balls
Ángel López to second
Batting: RHB Gilbert Graham 0-0: SINGLE (Groundball, 56D)
Ángel López to third
Terry Sylvester to second
Runner from 3rd tries for Home, SAFE, no throw
Batting: RHB Edmund Gallagher 0-0: Called Strike
0-1: Grounds into double play, 6-4-3 (Groundball, 6)
Terry Sylvester to third
Batting: RHB Héctor Moreno 0-0: Ball
1-0: Fly out, F5 (Popup, 5L)
Bottom of the 6th over - 1 run(s), 2 hit(s), 0 error(s), 1 left on base; Florida 5 - Santa Barbara 3
TOP OF THE 7TH
Florida Men batting - Pitching for Santa Barbara Golden Cranes : LHP Marvin Mangin
Batting: RHB Pat Ings 0-0: Called Strike
0-1: Swinging Strike
0-2: Ground out 6-3 (Groundball, 6)
Batting: RHB Israel Sanders 0-0: Called Strike
0-1: Ball
1-1: Foul Ball, location: 2F
1-2: Foul Ball, location: 2F
1-2: Foul Ball, location: 2F
1-2: Ball
2-2: Foul Ball, location: 2F
2-2: Foul Ball, location: 2F
2-2: Foul Ball, location: 2F
2-2: Ball
3-2: Fly out, F7 (Flyball, 7S)
Batting: RHB Al Thomas 0-0: Ball
1-0: Ball
2-0: Called Strike
2-1: Fly out, F7 (Flyball, 7LS)
Top of the 7th over - 0 run(s), 0 hit(s), 0 error(s), 0 left on base; Florida 5 - Santa Barbara 3
BOTTOM OF THE 7TH
Santa Barbara Golden Cranes batting - Pitching for Florida Men : LHP Gordon Wiggins
Batting: RHB Lúcio Sánchez 0-0: Ball
1-0: Foul Ball, location: 2F
1-1: Ball
2-1: Ball
3-1: Base on Balls
Batting: RHB Ed St. James 0-0: Sac Bunt - play at first, batter OUT! 5-3
Lúcio Sánchez to second
Batting: RHB Daniel Maldonado 0-0: Ground out 6-3 (Groundball, 6)
Batting: RHB Luis Trevino 0-0: Called Strike
0-1: Ball
1-1: Ball
2-1: Foul Ball, location: 2F
2-2: Foul Ball, location: 2F
2-2: Strikes out swinging
Bottom of the 7th over - 0 run(s), 0 hit(s), 0 error(s), 1 left on base; Florida 5 - Santa Barbara 3
TOP OF THE 8TH
Florida Men batting - Pitching for Santa Barbara Golden Cranes : LHP Marvin Mangin
Batting: LHB Bastyão Lizardo 0-0: Ball
1-0: Ball
2-0: Ball
3-0: Base on Balls
Batting: RHB Lorenzo Díaz 0-0: Swinging Strike
0-1: Ball
1-1: Called Strike
1-2: Ball
2-2: Foul Ball, location: 2F
2-2: Strikes out swinging
Batting: SHB Luis Gutiérrez 0-0: Ball
1-0: Foul Ball, location: 2F
1-1: Ball
2-1: Ball
3-1: SINGLE (Groundball, 34D)
Bastyão Lizardo to second
Runner from 2nd tries for 3rd, SAFE, no throw
Batting: RHB Phil Baker 0-0: Called Strike
0-1: Ball
1-1: Foul Ball, location: 2F
1-2: Ball
2-2: Fielders Choice at 2nd, 1-6 (Groundball, P)
Pinch Hitting: RHB Freddy Carea 0-0: Ball
1-0: Ball
2-0: Foul Ball, location: 2F
2-1: Called Strike
2-2: Ball
3-2: Ground out 5-3 (Groundball, 56S)
Top of the 8th over - 0 run(s), 1 hit(s), 0 error(s), 2 left on base; Florida 5 - Santa Barbara 3
BOTTOM OF THE 8TH
Santa Barbara Golden Cranes batting - Pitching for Florida Men : LHP Gordon Wiggins
Now at SS: Jim Unknown
Batting: RHB Ángel López 0-0: Swinging Strike
0-1: Foul Ball, location: 2F
0-2: SINGLE (Line Drive, 6D)
Batting: RHB Terry Sylvester 0-0: Foul Ball, location: 2F
0-1: Ball
1-1: Ball
2-1: Foul Ball, location: 2F
2-2: Ball
3-2: SINGLE (Line Drive, 6M)
Ángel López to second
Pitching: RHP Pedro Núñez
Batting: RHB Gilbert Graham 0-0: Ball
1-0: Ball
2-0: Swinging Strike
2-1: Called Strike
2-2: Foul Ball, location: 2F
2-2: Fly out, F8 (Flyball, 78M)
Pinch Hitting: LHB Armando Villarreal 0-0: Ball
1-0: Ball
2-0: Called Strike
2-1: Foul Ball, location: 2F
2-2: Ball
3-2: Base on Balls
Ángel López to third
Terry Sylvester to second
Batting: RHB Héctor Moreno 0-0: Swinging Strike
0-1: Foul Ball, location: 2F
0-2: Fly out, F8 (Flyball, 8LD)
Runner from 3rd tags up, SCORES, no throw
Terry Sylvester to third
Batting: RHB Lúcio Sánchez 0-0: Called Strike
0-1: Called Strike
0-2: Fielders Choice at 2nd, 5-4 (Groundball, 5)
Bottom of the 8th over - 1 run(s), 2 hit(s), 0 error(s), 1 left on base; Florida 5 - Santa Barbara 4
TOP OF THE 9TH
Florida Men batting - Pitching for Santa Barbara Golden Cranes : LHP Marvin Mangin
Pitching: RHP António Rodríguez
Now in RF: Armando Villarreal
Batting: LHB Jim Unknown 0-0: Swinging Strike
0-1: Ball
1-1: Ball
2-1: SOLO HOME RUN (Flyball, 9D), Distance : 356 ft
Batting: RHB Pat Ings 0-0: Called Strike
0-1: Ball
1-1: Swinging Strike
1-2: Foul Ball, location: 2F
1-2: Ball
2-2: Ball
3-2: Strikes out swinging
Batting: RHB Israel Sanders 0-0: Called Strike
0-1: Ball
1-1: Fly out, F9 (Flyball, 89M)
Batting: RHB Al Thomas 0-0: Ball
1-0: SINGLE (Line Drive, 9S)
Batting: LHB Bastyão Lizardo 0-0: Ball
1-0: Ball
2-0: Called Strike
2-1: Foul Ball, location: 2F
2-2: SINGLE (Groundball, 56D)
Al Thomas to second
Batting: RHB Lorenzo Díaz 0-0: Foul Ball, location: 2F
0-1: Called Strike
0-2: Foul Ball, location: 2F
0-2: Ball
1-2: Foul Ball, location: 2F
1-2: Strikes out swinging
Top of the 9th over - 1 run(s), 3 hit(s), 0 error(s), 2 left on base; Florida 6 - Santa Barbara 4
BOTTOM OF THE 9TH
Santa Barbara Golden Cranes batting - Pitching for Florida Men : RHP Pedro Núñez
Pitching: RHP Jorge Cantú
Batting: RHB Ed St. James 0-0: Called Strike
0-1: Foul Ball, location: 2F
0-2: Ball
1-2: Ball
2-2: Ball
3-2: Strikes out looking
Batting: RHB Daniel Maldonado 0-0: Foul Ball, location: 2F
0-1: Ball
1-1: Swinging Strike
1-2: SINGLE (Flyball, 7LS)
Pinch Hitting: LHB Sixto Álvarez 0-0: Ball
1-0: Fielders Choice at 2nd, 1-6 (Groundball, P)
Batting: RHB Ángel López 0-0: Called Strike
0-1: Ball
1-1: Fielders Choice at 2nd, 4-6 (Groundball, 4)
Bottom of the 9th over - 0 run(s), 1 hit(s), 0 error(s), 0 left on base; Florida 6 - Santa Barbara 4
Saturday, May 26th, 2018 - OOTP Baseball 17.12 Build 75